 Dungeon Crawl Stone Soup version 0.17-a0-1798-g879a7aa (webtiles) character file.

198 shakdrar the Ruffian (level 5, -6/46 HPs)
             Began as a Ghoul Monk on Sept 10, 2015.
             Mangled by Pikel
             ... wielding a +2 whip of freezing
              (9 damage)
             ... on level 4 of the Dungeon.
             The game lasted 00:10:50 (2585 turns).

shakdrar the Ruffian (Ghoul Monk)                   Turns: 2585, Time: 00:10:50

Health: -6/46      AC:  3    Str: 14 (15) XL:     5   Next: 76%
Magic:  4/4        EV: 13    Int:  6      God:
Gold:   131        SH:  0    Dex: 11      Spells: 0 memorised, 4 levels left

rFire  . . .     SeeInvis .       - Unarmed
rCold  + . .     Clarity  .     n - +0 robe (curse)
rNeg   + + +     SustAt   .     (no shield)
rPois  ∞         Gourm    .     (no helmet)
rElec  .         Spirit   .     (no cloak)
rCorr  .         Warding  .     (no gloves)
rMut   .         Stasis   .     q - +0 pair of boots (curse)
MR     .....                    (no amulet)
Stlth  ++........               (no ring)
                                (no ring)

@: rotting, not resistant to hostile enchantments, unstealthy
A: rotting body, claws 1, carnivore 3, cold resistance 1, negative energy
resistance 3, slow healing 1, torment resistance, unbreathing
a: no special abilities


You were on level 4 of the Dungeon.
You were not hungry.

You visited 1 branch of the dungeon, and saw 4 of its levels.

You collected 131 gold pieces.

Inventory:

Armour
 a - a +0 robe
 g - a +0 buckler
 n - a cursed +0 robe (worn)
 q - a cursed +0 pair of boots (worn)
Jewellery
 h - an uncursed amulet of faith {unknown}
 l - a cursed -4 ring of strength {unknown}
Scrolls
 c - 3 scrolls of identify
 k - 2 scrolls of enchant armour
 o - a scroll of amnesia
Potions
 e - 2 potions of agility
 i - a potion of resistance
Comestibles
 b - 3 meat rations


   Skills:
 + Level 4.1 Fighting
 + Level 3.9 Dodging
 + Level 3.1 Stealth
 + Level 5.6 Unarmed Combat


You had 4 spell levels left.
You didn't know any spells.

Dungeon Overview and Level Annotations

Branches:
Dungeon (4/15)
 Temple: D:4-7

Altars:
Gozag
Qazlal

Annotations:
D:4 Pikel


Innate Abilities, Weirdness & Mutations

Your body is rotting away.
You thrive on raw meat.
You are immune to poison.
You have sharp fingernails.
You are carnivorous and can eat meat at any time.
Your flesh is cold resistant.
You are immune to negative energy.
You heal slowly when monsters are visible.
You are immune to unholy pain and torment.
You can survive without breathing.


Message History

Pikel barely misses you.
You barely miss Pikel. Pikel hits you with a whip of freezing.
You scratch Pikel but do no damage. Pikel closely misses you.
You scratch Pikel but do no damage. Pikel hits you with a whip of freezing.
You completely miss Pikel. Pikel misses you.
You claw Pikel!
Pikel is moderately wounded.
You barely miss Pikel.
Pikel is moderately wounded.
Pikel hits you with a whip of freezing!
* * * LOW HITPOINT WARNING * * *
Pikel freezes you.
* * * LOW HITPOINT WARNING * * *
You scratch Pikel but do no damage.
Pikel is moderately wounded.
Pikel hits you but does no damage.
You barely miss Pikel.
Pikel is lightly wounded.
Pikel hits you with a whip of freezing!
You die...

#.## ..# #..# ..# ##.#
#.## #.# #..# #.#
#pp.##.# #p#..#.##
#K##....####
#######@###......###
.........####......#.
######...............#
#...######...#..##
.......# #..#..##
#####.## ##.#.## ## ..
. ..... ....##


You could see Pikel and 3 slaves.

Vanquished Creatures
  2 worker ants (D:4)
  A gnoll (D:1)
  5 adders
  An ooze (D:1)
  A worm (D:2)
  A giant gecko (D:1)
  9 orcs (D:3)
  9 bats
  4 giant cockroaches
  9 goblins
  7 hobgoblins
  8 jackals
  2 quokkas
  A ball python (D:2)
  2 giant newts
  7 kobolds
  7 rats
76 creatures vanquished.

Notes
Turn   | Place    | Note
--------------------------------------------------------------
     0 | D:1      | shakdrar the Ghoul Monk began the quest for the Orb.
     0 | D:1      | Reached XP level 1. HP: 19/19 MP: 0/0
   304 | D:1      | Reached XP level 2. HP: 11/24 MP: 1/1
   459 | D:1      | Reached XP level 3. HP: 23/31 MP: 2/2
   501 | D:1      | You fall through a shaft!
   506 | D:2      | Reached skill level 5 in Unarmed Combat
  1071 | D:2      | Reached XP level 4. HP: 31/40 MP: 3/3
  1456 | D:2      | Found an opulent altar of Gozag.
  1456 | D:2      | Found a stormy altar of Qazlal.
  1818 | D:3      | Reached XP level 5. HP: 5/46 MP: 4/4
  2498 | D:4      | Noticed an ogre
  2500 | D:4      | Noticed Pikel
  2552 | D:4      | Noticed a slave
  2572 | D:4      | Noticed a slave
  2572 | D:4      | Noticed a slave
  2573 | D:4      | Noticed a slave
  2585 | D:4      | Mangled by Pikel

Vault maps used:
D:1:      dpeg_arrival_simpleton_c
D:2:      gammafunk_temple_overflow_wave
D:4:      uniq_pikel

Action                   |  1- 3 |  4- 6 || total
-------------------------+-------+-------++-------
Melee: Unarmed           |    90 |   153 ||   243
  Use: Potion            |       |    11 ||    11
       Scroll            |       |     8 ||     8
 Stab: Sleeping          |     3 |     3 ||     6
  Eat: Chunk             |    13 |    17 ||    30
